Map: 이터널 엠파이어 - 래더

Players

SpeCial

  • Race: Terran Terran
  • League: Master
  • Spawn Location: 1:00

Dream - Winner!

  • Race: Terran Terran
  • Spawn Location: 7:00

VOD

Have the link to the VOD?

Description

Time

  • Played on: Jan. 8, 2020, 5:30 a.m.
  • Length: 21:53
Show
View Real Time Build Order
Export as new Build Order

SpeCial Terran 

Build Orders: Gas First Reaper Expand, Mech 

Get SALT Encoding   

  12  0:00  SCV  
  13  0:13  SCV  
  14  0:17  Supply Depot  
  14  0:25  SCV  
  15  0:29  Refinery  
  15  0:39  SCV  
  16  0:44  Barracks  
  16  0:51  SCV  
  17  1:03  SCV  
  18  1:15  SCV  
  19  1:32  Orbital Command, Reaper  
  20  1:43  Command Center  
  20  1:55  Factory  
  20  1:58  SCV  
  21  2:07  Barracks Reactor  
  21  2:11  SCV  
  21  2:13  Supply Depot  
  22  2:17  Refinery  
  22  2:23  SCV  
  23  2:35  SCV  
  24  2:39  Hellion  
  25  2:44  Marine  
  25  2:45  Marine  
  25  2:47  SCV  
  28  2:59  SCV  
  28  3:10  Marine x2, Factory Tech Lab  
  28  3:11  SCV  
  31  3:16  Orbital Command  
  31  3:23  SCV  
  31  3:27  Command Center  
  32  3:34  Cyclone  
  32  3:39  Marine  
  32  3:40  Marine  
  35  3:46  SCV x2  
  33  3:58  SCV x2  
  33  3:59  Marine x2  
  35  4:06  Siege Tank  
  37  4:10  SCV x2  
  37  4:16  Mag-Field Accelerator  
  39  4:22  SCV x2  
  41  4:27  Factory  
  41  4:34  SCV x2  
  43  4:38  Factory, Siege Tank  
  43  4:41  Orbital Command  
  46  4:46  Refinery  
  46  4:47  SCV, Refinery  
  46  4:48  SCV  
  46  4:52  Barracks Tech Lab  
  48  4:59  SCV  
  49  5:00  SCV  
  50  5:10  Cyclone  
  50  5:12  SCV x2  
  50  5:13  Hellion x2  
  50  5:14  Engineering Bay  
  59  5:15  SCV  
  59  5:24  SCV x2  
  59  5:27  Supply Depot  
  61  5:31  Supply Depot  
  61  5:42  SCV x2  
  61  5:44  SCV  
  61  5:48  Cyclone  
  63  5:50  Missile Turret  
  63  5:54  SCV x2  
  63  5:56  SCV  
  66  5:57  Hellion x2  
  68  6:04  Cyclone  
  68  6:08  SCV  
  68  6:10  SCV, Supply Depot  
  73  6:14  Missile Turret  
  74  6:22  SCV  
  74  6:28  SCV  
  75  6:35  SCV  
  75  6:36  Cyclone  
  76  6:40  SCV  
  76  6:46  Orbital Command  
  77  6:47  SCV  
  77  6:48  Supply Depot  
  77  6:49  Supply Depot  
  77  6:52  SCV  
  77  6:54  Hellion x2  
  83  6:59  SCV  
  84  7:04  SCV  
  85  7:09  Cyclone  
  85  7:11  SCV, Supply Depot  
  85  7:14  SCV  
  90  7:16  SCV  
  90  7:18  Missile Turret  
  91  7:24  SCV, Factory x2  
  91  7:25  Supply Depot  
  91  7:27  SCV  
  91  7:28  SCV  
  94  7:33  Supply Depot  
  94  7:36  SCV  
  95  7:37  Supply Depot, Refinery  
  95  7:38  Refinery  
  95  7:42  SCV, Armory  
  95  7:43  SCV  
  97  7:44  Armory  
  97  7:47  Hellion  
  97  7:48  Cyclone, Hellion  
  107  7:51  Cyclone  
  107  7:55  SCV x2  
  107  7:58  Supply Depot  
  107  8:01  Supply Depot  
  100  8:17  Factory Tech Lab x2  
  100  8:18  SCV x2  
  102  8:20  Command Center  
  102  8:23  Starport  
  102  8:26  Cyclone x2, Hellion x2  
  111  8:37  Terran Vehicle And Ship Armor Level 1, Cyclone, Terran Vehicle Weapons Level 1  
  111  8:38  SCV, Cyclone  
  111  8:39  SCV  
  119  8:43  SCV, Supply Depot  
  119  8:44  Supply Depot  
  119  8:50  SCV  
  119  8:51  SCV, Supply Depot, Barracks Reactor  
  119  8:53  Missile Turret  
  121  8:55  SCV  
  121  8:59  Cyclone x2, Hellion x2  
  121  9:00  Infernal Pre-Igniter  
  132  9:06  SCV x2  
  132  9:07  Supply Depot  
  132  9:08  SCV  
  135  9:18  SCV, Refinery  
  135  9:20  Hellion x2  
  143  9:24  Cyclone x2  
  146  9:35  Planetary Fortress  
  146  9:36  Missile Turret  
  144  9:39  Viking x2  
  144  9:43  Refinery  
  144  9:44  Barracks Reactor  
  148  9:48  Starport x2  
  146  9:55  Hellion  
  146  9:56  Hellion  
  146  9:58  Cyclone  
  153  10:01  Cyclone  
  153  10:06  Siege Tank  
  156  10:07  Siege Tank  
  156  10:08  Viking  
  156  10:09  Viking  
  160  10:15  SCV x3  
  160  10:18  Missile Turret  
  161  10:25  Fusion Core  
  161  10:28  Starport Reactor  
  161  10:32  Command Center  
  161  10:38  Viking  
  161  10:39  Liberator  
  159  10:47  Hellion x2, Siege Tank x3  
  159  10:48  Siege Tank  
  175  10:54  Viking x2  
  126  11:08  Terran Vehicle Weapons Level 2, Hellion  
  126  11:09  Terran Vehicle And Ship Armor Level 2  
  120  11:12  Viking x2  
  120  11:14  Viking  
  120  11:17  Advanced Ballistics  
  126  11:24  Liberator, Siege Tank  
  126  11:25  Sensor Tower, Liberator  
  129  11:28  Hellion x2  
  129  11:29  Hellion  
  139  11:32  Hellion  
  139  11:33  Hellion  
  133  11:44  Liberator x2  
  139  11:49  Siege Tank  
  139  11:50  Smart Servos  
  139  11:52  Hellion  
  139  11:54  Hellion  
  145  12:11  Siege Tank  
  145  12:13  Hellion  
  145  12:15  Hellion  
  132  12:17  Siege Tank  
  132  12:19  Siege Tank  
  132  12:21  Hellion  
  123  12:30  SCV x2  
  123  12:31  SCV  
  123  12:35  Hellion  
  123  12:37  Hellion  
  121  12:42  SCV, Siege Tank  
  121  12:43  SCV x2, Siege Tank  
  125  12:49  Siege Tank  
  126  12:51  Hellion  
  126  12:54  SCV  
  126  12:55  SCV x2  
  126  12:56  Hellion  
  126  12:58  Hellion  
  129  13:04  Liberator  
  127  13:07  SCV x3  
  133  13:12  Siege Tank  
  133  13:15  Hellion, Siege Tank  
  133  13:17  Hellion, Command Center  
  133  13:19  SCV x3  
  143  13:21  Siege Tank  
  143  13:22  Sensor Tower  
  143  13:26  Viking  
  151  13:30  Hellion  
  153  13:36  Hellion  
  153  13:39  Hellion  
  157  13:43  Supply Depot  
  157  13:44  Siege Tank  
  157  13:47  Siege Tank  
  163  13:51  Hellion  
  163  13:54  Cyclone, Liberator  
  168  13:56  Viking x2  
  168  13:57  Cyclone  
  168  14:00  Viking, Hellion  
  176  14:05  Viking  
  178  14:12  Hellion  
  180  14:17  Hellion  
  180  14:20  Hellion  
  180  14:22  SCV, Hellion  
  185  14:24  Viking  
  185  14:26  Viking, Siege Tank  
  185  14:30  Hellion  
  193  14:34  Hellion  
  193  14:36  Refinery, Liberator  
  197  14:38  Hellion  
  197  14:41  Siege Tank  
  197  14:42  Viking  
  199  14:48  Liberator x2  
  199  14:54  Liberator  
  199  14:58  Viking  
  195  15:17  Hellion x2  
  193  15:25  Terran Vehicle Weapons Level 3  
  193  15:29  Liberator x2  
  193  15:31  Command Center  
  187  15:45  Hellion x2  
  193  15:50  Hellion x2, Siege Tank  
  190  16:06  Hellion  
  190  16:09  Planetary Fortress  
  190  16:10  Hellion  
  192  16:11  SCV, Siege Tank  
  192  16:13  Hellion, Siege Tank  
  200  16:24  Viking  
  199  16:26  Unknown  
  199  16:32  Viking  
  183  16:33  Siege Tank x2  
  183  16:34  SCV x2  
  183  16:36  Hellion x2  
  160  16:43  Cyclone  
  159  16:52  Viking x3  
  156  16:56  Cyclone  
  148  17:05  Cyclone  
  148  17:06  Viking x2  
  152  17:11  SCV  
  152  17:14  Cyclone  
  156  17:16  Hellion x2  
  156  17:21  Missile Turret  
  156  17:24  SCV x2  
  156  17:25  SCV  
  156  17:27  Viking  
  161  17:30  Viking  
  163  17:38  Viking  
  163  17:40  Viking  
  164  17:45  Cyclone  
  165  17:54  Viking  
  167  17:59  Viking x2  
  167  18:01  Viking  
  167  18:03  Siege Tank  
  176  18:15  Terran Ship Weapons Level 1  
  176  18:16  Terran Vehicle And Ship Armor Level 3  
  165  18:20  Viking x2  
  157  18:28  Viking  
  157  18:29  Thor  
  161  18:36  Viking x2  
  157  18:44  Viking  
  157  18:50  Viking  
  157  18:52  Viking  
  158  18:58  Viking  
  158  18:59  Thor  
  164  19:05  Orbital Command  
  164  19:06  Viking  
  164  19:09  Viking  
  141  19:30  Cyclone x2  
  129  19:44  Orbital Command  
  124  19:51  Siege Tank  
  127  20:00  Missile Turret  
  127  20:06  Cyclone, Liberator  
  130  20:10  Orbital Command  
  130  20:19  Liberator  
  119  20:28  SCV  
  114  20:47  Hellion x2  
  118  20:51  Refinery x2, Siege Tank  
  118  20:53  Missile Turret  
  121  21:02  Siege Tank  
  121  21:03  Hellion  
  114  21:14  Missile Turret  
  111  21:18  Siege Tank  
  111  21:19  Hellion  
Show
View Real Time Build Order
Export as new Build Order

Dream Terran - Winner!

Build Orders: Mech 

Get SALT Encoding   

  12  0:00  SCV  
  13  0:12  SCV  
  14  0:17  Supply Depot  
  14  0:24  SCV  
  15  0:28  Refinery  
  15  0:38  SCV  
  16  0:45  Barracks  
  16  0:50  SCV  
  16  0:56  Refinery  
  17  1:02  SCV  
  18  1:15  SCV  
  19  1:32  Orbital Command, Reaper  
  20  1:37  Factory  
  20  1:45  Supply Depot  
  20  1:58  SCV  
  21  2:04  Reaper  
  22  2:10  SCV  
  23  2:21  Hellion  
  26  2:22  SCV  
  26  2:30  Command Center  
  26  2:35  SCV  
  27  2:38  Reaper  
  28  2:47  Hellion  
  28  2:48  SCV  
  30  2:51  Supply Depot  
  30  3:00  SCV  
  30  3:10  Factory Tech Lab  
  30  3:12  SCV, Starport, Barracks Tech Lab  
  30  3:25  SCV  
  31  3:30  Cyclone  
  31  3:31  Mag-Field Accelerator  
  31  3:32  Refinery  
  34  3:37  SCV  
  35  3:47  Marine  
  35  3:50  SCV  
  35  3:51  Orbital Command  
  36  4:02  Cyclone  
  38  4:03  SCV  
  37  4:11  Banshee  
  37  4:15  SCV  
  37  4:16  Cloaking Field  
  41  4:18  SCV  
  42  4:27  SCV  
  42  4:30  SCV  
  43  4:34  Cyclone  
  46  4:39  SCV  
  46  4:43  SCV  
  48  4:51  SCV  
  49  4:55  SCV  
  49  4:56  Banshee  
  53  5:03  SCV  
  53  5:06  Command Center  
  54  5:10  Supply Depot  
  54  5:16  SCV x2  
  56  5:28  SCV x2  
  56  5:29  Factory  
  56  5:32  Factory  
  56  5:33  Refinery  
  56  5:38  Banshee  
  56  5:41  SCV  
  60  5:45  SCV  
  60  5:48  Hyperflight Rotors  
  61  5:54  SCV  
  62  5:57  SCV  
  62  5:58  Siege Tank  
  66  6:06  SCV  
  66  6:09  SCV  
  65  6:19  SCV  
  65  6:23  Banshee  
  65  6:25  SCV  
  68  6:26  Orbital Command  
  68  6:28  Refinery  
  68  6:31  SCV  
  68  6:35  Factory Reactor, Factory Tech Lab, Siege Tank  
  68  6:37  SCV  
  68  6:38  Engineering Bay  
  69  6:43  SCV  
  69  6:45  Barracks  
  69  6:46  Factory  
  70  6:49  SCV  
  71  6:54  Cyclone  
  71  6:55  SCV x2  
  71  6:59  Refinery  
  76  7:01  SCV  
  76  7:07  SCV x2  
  79  7:08  Cyclone  
  79  7:13  SCV  
  79  7:14  Supply Depot  
  83  7:16  Supply Depot  
  83  7:18  Hellion, Infernal Pre-Igniter  
  85  7:23  Armory  
  85  7:24  Supply Depot  
  85  7:35  SCV x3, Supply Depot  
  85  7:36  Hellion  
  90  7:37  Supply Depot, Factory Tech Lab  
  90  7:38  Cyclone  
  93  7:47  Factory  
  93  7:48  SCV x3  
  93  7:50  Cyclone  
  93  7:51  Hellion  
  101  8:00  SCV x2  
  101  8:03  Hellion  
  105  8:10  Command Center  
  98  8:15  Cyclone x2  
  98  8:17  Hellion  
  98  8:18  Terran Vehicle And Ship Armor Level 1  
  98  8:19  Banshee  
  103  8:20  Armory  
  103  8:28  Cyclone, Hellion  
  108  8:38  Factory Reactor  
  108  8:39  SCV x3  
  111  8:43  Supply Depot  
  111  8:46  Hellion  
  111  8:47  Cyclone  
  111  8:48  Cyclone  
  119  8:50  Hellion  
  119  8:51  SCV x3  
  119  8:55  Supply Depot  
  124  9:04  Factory  
  124  9:05  Supply Depot, Cyclone  
  124  9:08  Terran Vehicle Weapons Level 1  
  124  9:09  Factory  
  127  9:11  Hellion  
  129  9:18  Hellion x2  
  129  9:19  Hellion  
  129  9:20  Factory, Cyclone  
  138  9:27  SCV x3  
  138  9:28  Orbital Command  
  138  9:30  Refinery  
  141  9:38  Cyclone x2  
  147  9:44  Hellion x3  
  153  9:48  Refinery  
  153  9:50  Supply Depot  
  153  9:52  Cyclone  
  156  9:56  Factory Tech Lab x2  
  150  10:06  Factory Tech Lab  
  150  10:08  Hellion x3  
  150  10:10  Cyclone x2  
  164  10:14  Hellion  
  164  10:15  Terran Vehicle And Ship Armor Level 2  
  164  10:16  Supply Depot  
  164  10:24  Cyclone  
  164  10:26  Siege Tank  
  170  10:37  Siege Tank  
  168  10:46  Cyclone x3  
  175  10:56  Cyclone  
  159  10:58  Cyclone  
  134  11:07  Banshee  
  134  11:09  Cyclone  
  134  11:10  Hellion  
  134  11:11  Hellion x3  
  133  11:12  Terran Vehicle Weapons Level 2  
  133  11:18  Cyclone x3  
  142  11:28  Cyclone  
  142  11:31  Cyclone  
  148  11:32  Command Center  
  148  11:35  Hellion  
  150  11:41  Cyclone  
  150  11:43  Hellion  
  155  11:49  SCV x2  
  155  11:50  Cyclone  
  156  12:03  Cyclone x3  
  156  12:04  Cyclone  
  168  12:14  Cyclone  
  162  12:22  Cyclone  
  142  12:35  SCV x4, Siege Tank x2  
  128  12:45  Cyclone x2  
  128  12:46  Cyclone  
  136  12:54  Cyclone  
  130  13:07  Cyclone x2  
  130  13:08  Hellion x2  
  130  13:09  Hellion x2  
  130  13:10  SCV x3  
  130  13:11  SCV  
  148  13:16  Planetary Fortress  
  148  13:18  Unknown  
  148  13:19  Cyclone x2  
  154  13:20  Cyclone  
  154  13:22  SCV x2  
  159  13:27  Terran Vehicle And Ship Armor Level 3  
  159  13:28  Starport, Terran Ship Weapons Level 1  
  159  13:38  Starport  
  159  13:43  Starport Reactor  
  159  13:47  Hellion x4  
  165  13:49  SCV x2  
  165  13:54  SCV  
  165  13:55  Missile Turret  
  167  14:03  Missile Turret  
  167  14:04  Thor x2  
  179  14:10  Starport Reactor  
  169  14:21  Cyclone x2  
  169  14:22  Cyclone x2, Hellion  
  169  14:23  Hellion x3  
  187  14:25  SCV x2  
  182  14:47  Viking x5  
  170  15:14  Siege Tank x4  
  179  15:22  Viking x4  
  179  15:23  Viking  
  183  16:02  Viking  
  183  16:03  Viking  
  180  16:05  Supply Depot x3  
  180  16:09  Liberator x2  
  173  16:28  Cyclone x3  
  173  16:29  Cyclone  
  173  16:30  Command Center  
  151  16:33  Cyclone  
  125  16:47  Hellion x3  
  118  16:54  Cyclone  
  121  17:08  Orbital Command  
  121  17:18  Viking x2  
  121  17:22  Viking  
  127  17:38  Viking x2  
  131  17:57  Cyclone, Siege Tank x2  
  131  17:58  Cyclone x2  
  139  18:13  Viking x2  
  139  18:23  Viking x2  
  137  18:31  Viking  
  137  18:33  Hellion x3, Orbital Command  
  143  18:35  Refinery x2  
  143  18:39  SCV x3  
  142  18:46  Cyclone x2  
  146  18:51  SCV  
  147  18:58  SCV  
  147  18:59  SCV  
  149  19:06  Cyclone x2  
  149  19:15  SCV x2  
  136  19:18  Cyclone  
  136  19:20  Hellion x5  
  136  19:23  Cyclone, Hellion  
  113  19:38  Hellion  
  113  19:39  Hellion  
  113  19:41  Cyclone, Hellion x2  
  122  19:52  Refinery  
  122  19:58  Cyclone x2  
  122  19:59  Hellion  
  132  20:00  Hellion  
  132  20:09  Cyclone  
  130  20:28  Cyclone x2  
  129  20:30  Cyclone x2  
  129  20:31  Hellion x2  
  139  20:39  Cyclone  
  137  20:45  Cyclone  
  137  20:49  SCV  
  143  20:50  SCV x2  
  141  21:01  SCV  
  141  21:02  SCV, Cyclone x2  
  146  21:04  Cyclone  
  146  21:11  Orbital Command  
  147  21:12  Cyclone  
  147  21:13  Hellion  
  147  21:34  SCV x3  
  147  21:38  SCV  
Tags
 
Add a new tag
Caveats
  • Supply blocks, unpowered buildings, or Contaminate may cause inaccurate times.
  • Supply counts are checked every 10 seconds.